 Dungeon Crawl Stone Soup version 0.30-a0-691-g754fce4c43 (webtiles) character file.

Game seed: 1114494104214987847

11 Absynth the Ruffian (level 2, -1/25 HPs)
             Began as a Naga Transmuter on Jan 19, 2023.
             Slain by an adder (3 damage)
             ... on level 1 of the Dungeon.
             The game lasted 00:01:56 (595 turns).

Absynth the Ruffian (Naga Transmuter)                Turns: 595, Time: 00:01:56

Health: -1/25      AC:  1    Str: 12    XL:     2   Next: 25%
Magic:  14/14      EV: 10    Int: 13    God:
Gold:   85         SH:  0    Dex: 11    Spells: 4/5 levels left

rFire   . . .      SeeInvis +      - Unarmed
rCold   . . .      Faith    .    (no shield)
rNeg    . . .      Spirit   .    a - +0 robe
rPois   +          Reflect  .    (helmet currently unavailable)
rElec   .          Harm     .    (no cloak)
rCorr   .          Rampage  .    (no gloves)
Will    .....                    (no barding)
Stlth   +                        (no amulet)
HPRegen 0.24/turn                g - ring of magical power
MPRegen 0.14/turn                (no ring)

@: lethally poisoned (-1 -> -3), appendages (expiring), very slow
A: horns 2, AC +0, large, see invisible, deformed body, poison resistance,
slowness 2, spit poison 1, naga tail 1
a: Spit Poison, End Transformation


You were on level 1 of the Dungeon.
You had temporarily grown beastly horns.
You visited 1 branch of the dungeon, and saw 2 of its levels.

You collected 85 gold pieces.

Inventory:

Missiles
 e - 5 poisoned darts
Armour
 a - a +0 robe (worn)
Jewellery
 g - a ring of magical power (left hand)
Scrolls
 c - 2 scrolls of identify {unknown}
 d - a scroll of torment {unknown}
 f - a scroll of teleportation {unknown}
Potions
 b - 2 potions of lignification


   Skills:
 - Level 1.0 Fighting
 + Level 1.7 Dodging
 + Level 0.8 Stealth
 * Level 3.1 Unarmed Combat
 * Level 2.2 Spellcasting
 + Level 2.1 Transmutations


You had 4 spell levels left.
You knew the following spells:

 Your Spells              Type           Power      Damage    Failure   Level
a - Beastly Appendage     Tmut           14%        N/A       11%         1

Your spell library contained the following spells:

 Spells                   Type           Power      Damage    Failure   Level
 Wereblood                Tmut           7%         N/A       16%         2
 Slow                     Hex            4%         N/A       26%         1
 Cigotuvi's Dreadful Rot  Necr/Pois/Air  2%         N/A       36%         2
 Spider Form              Tmut/Pois      4%         N/A       43%         3
 Confusing Touch          Hex            1%         N/A       58%         3
 Vampiric Draining        Necr           1%         2d6       58%         3
 Ice Form                 Ice/Tmut       4%         N/A       85%         4
 Dispel Undead            Necr           1%         3d6       94%         4
 Death Channel            Necr           0%         N/A       100%        6


Dungeon Overview and Level Annotations

Branches:
Dungeon (2/15)

Altars:


Innate Abilities, Weirdness & Mutations

You have temporarily grown beastly horns.
Your serpentine skin is tough. (AC +0)
You have supernaturally acute eyesight. (SInv)
Armour fits poorly on your strangely shaped body.
Your system is resistant to poisons. (rPois)
You cover ground very slowly.
You can spit poison.
You have a snake-like lower body.


Message History

You miss the adder. The adder bites you.
You miss the adder. The adder barely misses you.
The adder bites you but does no damage.
You hit the adder.
The adder is moderately wounded.
A ball python comes into view.
The adder closely misses you.
You barely miss the adder.
The adder is moderately wounded.
The adder bites you.
You closely miss the adder.
The adder is moderately wounded.
The ball python hisses angrily.
The adder barely misses you.
You hit the adder but do no damage.
The adder is moderately wounded.
Your transformation is almost over.
The adder bites you.
You are poisoned.
The adder poisons you! The adder bites you.
You are more poisoned.
The adder poisons you!
You feel very sick. The adder closely misses you.
You climb upwards.
You feel very sick.
There is a stone staircase leading down here.
You closely miss the adder. Your punch misses the adder.
The adder is moderately wounded.
You feel sick. The adder bites you.
* * * LOW HITPOINT WARNING * * *
You miss the adder.
The adder is moderately wounded.
You feel sick. The adder bites you.
* * * LOW HITPOINT WARNING * * *
You hit the adder.
The adder is severely wounded.
* * * LOW HITPOINT WARNING * * *
You feel sick. The adder bites you.
You die...

#.......########
####..............### #
#..........######...###
#..........# ###....
#..........# ####.#
#..........# #.....
#..........# ###.#..#
#..........#####.....##
#....S@................
##.#........##..#.##...
#.#...........#.......
#.######.....##.......
#.# ####............
#.#####...............
#...##..##.##.#.......
###.##)###.##.......##
#.##.# #..#.#......#


You could see an adder.

Vanquished Creatures
  2 goblins (D:1)
  2 hobgoblins (D:1)
  A kobold (D:1)
  3 ball pythons (D:1)
  2 rats (D:1)
10 creatures vanquished.

Notes
Turn   | Place    | Note
-------+----------+-------------------------------------------
     0 | D:1      | Absynth the Naga Transmuter began the quest for the Orb.
     0 | D:1      | Reached XP level 1. HP: 18/18 MP: 3/3
   203 | D:1      | Reached XP level 2. HP: 17/25 MP: 3/5
   595 | D:1      | Slain by an adder

Illustrated notes

Levels and vault maps discovered:
D:1:      minmay_arrival_radiant_lines, layout_rooms
D:2:      layout_basic, uniq_terence

Action                   || total
-------------------------++-------
Melee: Unarmed           ||    36
       Punch             ||     2
       Headbutt          ||     4
 Cast: Beastly Appendage ||     8
Armor: Robe              ||     1
Dodge: Dodged            ||    12

Table legend: (Time is in decaauts)
 A = Elapsed time spent in this place.
 B = Non-inter-level travel time spent in this place.
 C = Inter-level travel time spent in this place.
 D = Time resting spent in this place.
 E = Time spent auto-exploring this place.
 F = Levels seen in this place.
 G = Mean time per level.
                   A        B        C        D        E       F      G
               +--------+--------+--------+--------+--------+-----+--------+
         Total |    734 |    694 |     40 |    103 |    477 |   2 |  367.0 |
       Dungeon |    734 |    694 |     40 |    103 |    477 |   2 |  367.0 |
               +--------+--------+--------+--------+--------+-----+--------+

Top non-repeatable levels by time:
     D:1: 725 daAuts
     D:2: 9 daAuts
